 Dungeon Crawl Stone Soup version 0.31-a0-1522-g43313d8a59 (webtiles) character file.

Game seed: 13242253272749461896

552522 jt the Acrobat (level 27, -5/182 HPs)
             Began as a Kobold Alchemist on Dec 30, 2023.
             Was the Champion of Nemelex Xobeh.
             Killed from afar by an orb of fire (39 damage)
             ... with a fireball
             ... on level 5 of the Realm of Zot on Dec 31, 2023.
             The game lasted 06:05:00 (74920 turns).

jt the Acrobat (Kobold Alchemist)                  Turns: 74920, Time: 06:05:01

Health: -5/182     AC: 21    Str:  8    XL:     27
Magic:  26/40      EV: 26    Int: 37    God:    Nemelex Xobeh [******]
Gold:   2781       SH:  0    Dex: 13    Spells: 3/52 levels left

rFire   . . .        a - +8 quick blade (elec)
rCold   + . .        (no shield)
rNeg    + . .        j - +2 robe {rF+}
rPois   +            C - +2 helmet
rElec   +            A - +4 dragonskin cloak
rCorr   .            I - +2 pair of gloves {hurl}
SInv    +            r - +3 pair of boots "Xun Foob" {+Inv rN+ Int+3}
Will    ++++.        z - amulet of Horghohei {rElec rC+ Regen+ Dex-2}
Stlth   +++          s - +6 ring of intelligence
HPRegen 1.30/turn    Z - ring of poison resistance
MPRegen 0.27/turn

%: no passive effects
@: mighty, brilliant, elixired, enlightened, flying, studying Maces & Flails
A: small, no large weapons, nightstalker 3, iridescent scales 1, see invisible,
clever 1, clumsy 1, strong-willed 1, heat vulnerability 1
0: Orb of Zot
}: 3/15 runes: barnacled, abyssal, gossamer
a: Renounce Religion, Evoke Invisibility, Draw Escape, Draw Destruction, Draw
Summoning, Draw Stack, Triple Draw, Deal Four, Stack Five


You were on level 5 of the Realm of Zot.
You worshipped Nemelex Xobeh.
Nemelex Xobeh was exalted by your worship.
You visited 9 branches of the dungeon, and saw 45 of its levels.
You visited the Abyss 1 time.
You also visited: Sewer and Ice Cave.

You collected 5943 gold pieces.
You spent 3162 gold pieces at shops.

Inventory:

Hand Weapons
 a - a +8 quick blade of electrocution (weapon)
Missiles
 L - 8 curare-tipped darts
Armour
 d - the +9 fire dragon scales "Kenoamum" {-Tele rF++ rC- Will+ Stlth+}
   (You found it on level 2 of the Depths)

   rF++:      It greatly protects you from fire.
   rC-:       It makes you vulnerable to cold.
   Will+:     It increases your willpower.
   -Tele:     It prevents most forms of teleportation.
   Stlth+:    It makes you more stealthy.
 f - a +2 hat
 j - a +2 robe of fire resistance (worn)
 r - the +3 pair of boots "Xun Foob" (worn) {+Inv rN+ Int+3}
   (You acquired it on level 13 of the Dungeon)

   Int+3:     It affects your intelligence (+3).
   rN+:       It protects you from negative energy.
   +Inv:      It lets you turn invisible.
 A - the +4 dragonskin cloak (worn)
   (You found it on level 2 of the Realm of Zot)

   Avatar's Aegis: It grants the wearer a chance to resist fire, cold, poison,
   electricity, acid, and negative energy.
 C - a +2 helmet (worn)
 H - a +2 cloak of willpower
 I - a +2 pair of gloves of hurling (worn)
Magical Staves
 c - the staff "Eggevute" {rPois rCorr Dex+2 Alchemy}
   (You found it on level 1 of the Depths)

   [staff of alchemy]

   Base accuracy: +5 Base damage: 5 Base attack delay: 1.2 This weapon's minimum
   attack delay (0.6) is reached at skill level 12.
   Dex+2:     It affects your dexterity (+2).
   rPois:     It protects you from poison rCorr: It protects you from acid and
   corrosion.
   Alchemy:   It increases the power of your Alchemy spells.
   It falls into the 'Staves' category.
   It is a two-handed weapon.
Jewellery
 s - a +6 ring of intelligence (left hand)
 z - the amulet of Horghohei (around neck) {rElec rC+ Regen+ Dex-2}
   (You bought it in a shop on level 3 of the Vaults)

   [amulet of regeneration]

   Dex-2:     It affects your dexterity (-2).
   rC+:       It protects you from cold.
   rElec:     It insulates you from electricity.
   Regen+:    It increases your rate of health regeneration.
 M - a ring of willpower
 N - a ring of wizardry
 Q - the ring "Ypicael" {rPois rCorr Int-4 Dex+3}
   (You found it on level 1 of the Spider Nest)

   [ring of poison resistance]

   Int-4:     It affects your intelligence (-4).
   Dex+3:     It affects your dexterity (+3).
   rPois:     It protects you from poison rCorr: It protects you from acid and
   corrosion.
 Z - a ring of poison resistance (right hand)
Wands
 e - a wand of quicksilver (4)
 h - a wand of flame (85)
 n - a wand of polymorph (25)
 y - a wand of roots (18)
 J - a wand of mindburst (16)
 K - a wand of paralysis (46)
 O - a wand of digging (6)
Scrolls
 k - 4 scrolls of silence
 l - a scroll of immolation
 p - 17 scrolls of teleportation
 t - a scroll of butterflies
 u - 10 scrolls of vulnerability
 x - 9 scrolls of fog
 B - 3 scrolls of blinking
 D - 3 scrolls of poison
 R - 5 scrolls of amnesia
 Y - 2 scrolls of fear
Potions
 b - 7 potions of magic
 g - 5 potions of heal wounds
 i - 6 potions of lignification
 m - 8 potions of haste
 o - 3 potions of ambrosia
 v - 23 potions of curing
 w - 3 potions of cancellation
 E - 3 potions of berserk rage
 F - 4 potions of mutation
 S - 6 potions of brilliance
 U - 8 potions of might
 V - 8 potions of enlightenment
Miscellaneous
 q - a tin of tremorstones (2/2)
 P - a lightning rod (4/4)


   Skills:
 + Level 21.2 Fighting
 - Level 14.0 Short Blades
 - Level 4.0 Throwing
 + Level 22.5 Dodging
 - Level 18.0 Stealth
 - Level 13.0 Spellcasting
 - Level 12.7 Conjurations
 + Level 7.9 Translocations
 - Level 7.0 Fire Magic
 - Level 10.0 Ice Magic
 - Level 4.0 Air Magic
 - Level 4.0 Earth Magic
 - Level 18.0 Alchemy
 - Level 16.8 Invocations
 - Level 10.0 Evocations


You had 3 spell levels left.
You knew the following spells:

 Your Spells              Type           Power      Damage    Failure   Level
a - Sting                 Conj/Alch      100%       1d9       0%          1
b - Mephitic Cloud        Conj/Alch/Air  100%       N/A       1%          3
c - Olgreb's Toxic Radia  Alch           100%       N/A       0%          4
d - Sticky Flame          Fire/Alch      100%       2d15      1%          4
e - Irradiate             Conj/Alch      58%        3d31      1%          5
f - Sculpt Simulacrum     Ice/Alch       56%        N/A       1%          6
g - Iskenderun's Mystic   Conj/Tloc      100%       2d19      1%          4
h - Eringya's Noxious Bo  Alch           62%        4d6       1%          6
i - Ignite Poison         Fire/Alch      100%       N/A       1%          4
j - Fireball              Conj/Fire      49%        3d19      1%          5
k - Passwall              Erth           69%        N/A       1%          3
l - Vhi's Electric Charg  Tloc/Air       100%       N/A       1%          4

Your spell library contained the following spells:

 Spells                   Type           Power      Damage    Failure   Level
 Magic Dart               Conj           100%       1d8       0%          1
 Searing Ray              Conj           100%       2d8       0%          2
 Sandblast                Erth           100%       2d20      1%          1
 Shock                    Conj/Air       100%       1d9       1%          1
 Cigotuvi's Dreadful Rot  Necr/Alch/Air  100%       N/A       1%          2
 Ensorcelled Hibernation  Hex/Ice        100%       N/A       1%          2
 Mercury Vapours          Alch/Air       100%       N/A       1%          2
 Dazzling Flash           Conj/Hex       100%       N/A       1%          3
 Inner Flame              Hex/Fire       66%        N/A       1%          3
 Ozocubu's Armour         Ice            98%        N/A       1%          3
 Stone Arrow              Conj/Erth      100%       3d13      1%          3
 Swiftness                Air            69%        N/A       1%          3
 Volatile Blastmotes      Fire/Tloc      100%       2d18      1%          3
 Fugue of the Fallen      Necr           36%        N/A       4%          3
 Brom's Barrelling Bould  Conj/Erth      91%        2d10      1%          4
 Flame Wave               Conj/Fire      98%        2d20      1%          4
 Fulminant Prism          Conj/Alch      58%        3d24      1%          4
 Leda's Liquefaction      Alch/Erth      51%        N/A       1%          4
 Manifold Assault         Tloc           89%        N/A       1%          4
 Alistair's Intoxication  Alch           83%        N/A       1%          5
 Arcjolt                  Conj/Air       45%        1d55      1%          5
 Freezing Cloud           Conj/Ice/Air   47%        6-21      1%          5
 Iskenderun's Battlesphe  Conj           100%       2d15      1%          5
 Airstrike                Air            34%        2d(5-21)  3%          4
 Starburst                Conj/Fire      49%        6d13      4%          6
 Metabolic Englaciation   Hex/Ice        37%        N/A       5%          5
 Animate Armour           Summ/Erth      100%       N/A       7%          4
 Bombard                  Conj/Erth      45%        9d8       8%          6
 Lee's Rapid Deconstruct  Erth           34%        3d17*     9%          5
 Anguish                  Hex/Necr       18%        N/A       16%         4
 Cause Fear               Hex            18%        N/A       16%         4
 Dispel Undead            Necr           36%        3d15      16%         4
 Martyr's Knell           Necr/Summ      36%        N/A       16%         4
 Borgnjor's Vile Clutch   Necr/Erth      27%        N/A       19%         5
 Silence                  Hex/Air        27%        N/A       19%         5
 Plasma Beam              Fire/Air       38%        2x1d52    26%         6
 Curse of Agony           Necr           36%        N/A       41%         5
 Spellforged Servitor     Conj/Summ      41%        N/A       69%         7
 Death Channel            Necr           18%        N/A       94%         6
 Lehudib's Crystal Spear  Conj/Erth      45%        10d11     98%         8
 Ignition                 Fire           42%        3d12      99%         8
 Maxwell's Capacitive Co  Air            34%        ∞         100%        8
 Chain Lightning          Conj/Air       45%        3d60      100%        9
 Dragon's Call            Summ           18%        N/A       100%        9
 Fire Storm               Conj/Fire      49%        8d12      100%        9
 Shatter                  Erth           34%        3d28*     100%        9


Dungeon Overview and Level Annotations

Branches:
Dungeon (15/15)            Temple (1/1) D:5            Lair (5/5) D:10
 Shoals (4/4) Lair:2       Spider (4/4) Lair:3        Slime (0/5) Lair:4
    Orc (2/2) D:9             Elf (0/3) Orc:2        Vaults (5/5) D:13
  Crypt (0/3) Vaults:3     Depths (4/4) D:15            Zot (5/5) Depths:4
  Sewer (visited)           IceCv (visited)

Altars:
Ashenzari
Cheibriados
Dithmenos
Elyvilon
Fedhas
Gozag
Hepliaklqana
Kikubaaqudgha
Makhleb
Nemelex Xobeh
Okawaru
Qazlal
Ru
Sif Muna
Trog
Uskayaw
Vehumet
Wu Jian
Xom
Yredelemnul
Zin
The Shining One
Jiyva

Shops:
D:9 !   Orc:2 [:?   Shoals:1 =[   Shoals:4 (   Vaults:3 !*==(   Depths:4 *

Portals:
Hell: Depths:1 Depths:2 Depths:3 Depths:4
Abyss: Depths:1 Depths:3
Pandemonium: Depths:1 Depths:2 Depths:3
Ziggurat: Depths:4
Trove: Vaults:3 (give 8 scrolls of fear)

Annotations:
Lair:5 exclusion: obsidian statue
Spider:3 Mara
Orc:1 2 runed translucent doors, exclusion: orange crystal statue
Vaults:2 2 transporters
Vaults:4 1 runed translucent door, PanSaczeczos's ghost, adept AtIE
Zot:2 3 runed translucent doors, Sial's ghost, veteran MiMo


Innate Abilities, Weirdness & Mutations

You are small and have problems with some larger weapons.
You are completely attuned to the shadows.
You are partially covered in iridescent scales. (AC +2)
You have supernaturally acute eyesight. (SInv)
Your mind is acute. (Int +4, Str/Dex -1)
You are clumsy. (Dex -2)
You are strong-willed. (Will+)
You are vulnerable to heat. (rF-)


Message History

The klown pie misses you.
The yellow draconian roars!
You hear a deafening roar!
You hear a roar!
The yellow draconian spits acid at you. The glob of acid hits you.
The Killer Klown pies you viciously! The klown pie misses you.
You hear a roar!
You enter a permanent teleport trap!
Your surroundings suddenly seem different.
A quicksilver dragon comes into view.
The quicksilver dragon roars deafeningly!
You hear a roar!
The quicksilver dragon breathes dispelling energy at you.
The bolt of dispelling energy misses you.
You hear a deafening roar!
You feel yourself slow down.
You enter a permanent teleport trap!
Your surroundings suddenly seem different.
An orb of fire and a green draconian monk come into view.
A white draconian comes into view. It is wielding a +0 scimitar.
A yellow draconian comes into view. It is wielding a +0 flail.
The orb of fire glows bright magenta.
The fireball explodes!
The fireball engulfs you!!!!
Ouch! That really hurt!
* * * LOW HITPOINT WARNING * * *
The fireball engulfs the orb of fire.
The orb of fire completely resists.
You hear a roar!
You hear a deafening roar!
Something bellows, "Disclaim thyself, thou tasty dinner!"
You hear a roar!
You deal a card...
You have dealt Velocity.
The yellow draconian seems to slow down.
You deal a card...
You have dealt the Elixir.
You begin rapidly regenerating health and magic.
You deal a card...
You have dealt the Tomb.
Walls emerge from the floor!
You deal a card...
You have dealt the Cloud.
Clouds appear around your foes!
The orb of fire glows deep purple.
The fireball explodes!
The fireball engulfs you!!!
You die...
Your body glows with a rainbow of weird colours and disappears.

*▓▓▓▓▓▓▓▓▓*****
****.........,,,,****
***,,,...###☼..,,,,,,,**
**,,,,,...#@*☼..,,,^,^,,** ▓▓▓▓
*,,,,,,...###☼..,,,,,,,,,*
^..▓**,^,,,,.......☼☼,,,,,,,,,*
....**,,,,,,.....q..d,,,,,,,,**
....,▓....^,........d,,,,,,,**
.L..,.......,,,,,,,,,,,,,,,**
†d.b,▓........,,,,,,,,,,,,,,**
92[.*▓....D...,,,,,,,,,,,,,,,**
&..▓*▓........,,,,,,,,,,,,,,^,*


You could see an orb of fire and a white draconian.

Vanquished Creatures
  An ancient lich (Zot:5)
  A dread lich (Zot:5)
  An orb of fire (Zot:5)
  4 Killer Klowns (Zot:5)
  A caustic shrike (Depths:1)
  Jory (Depths:3)
  8 golden dragons
  A curse toe (Zot:5)
  Arachne (Spider:3)
  A lich (Abyss:4)
  5 tentacled monstrosities
  14 Orb Guardians (Zot:5)
  A titan (Depths:1)
  A walking frostbound tome (Depths:3)
  A quicksilver dragon (Zot:2)
  6 sphinxes
  6 krakens
  3 tentacled starspawn
  4 death cobs (Zot:1)
  12 storm dragons
  3 shadow dragons
  5 draconian monks
  3 tengu reavers
  Ilsuiw (Shoals:2)
  3 draconian shifters
  12 frost giants
  A protean progenitor (Zot:1)
  7 emperor scorpions
  2 iron dragons (Depths:2)
  4 draconian knights
  10 fire giants
  7 draconian scorchers
  7 ghost moths
  7 vault wardens
  Louise (Shoals:1)
  A balrug (Depths:3)
  3 draconian stormcallers
  9 draconian annihilators
  2 orc warlords (Orc:1)
  2 formless jellyfish
  11 stone giants
  A caustic shrike skeleton (Depths:2)
  A broodmother (Spider:1)
  21 ironbound preservers
  14 vampire knights
  5 ironbound thunderhulks
  10 black draconians
  16 very ugly things
  7 green draconians
  12 white draconians
  18 dire elephants
  6 yellow draconians
  6 spark wasps
  A starcursed mass (Abyss:4)
  6 purple draconians
  8 red draconians
  2 war gargoyles
  13 eidola (Depths:3)
  5 merfolk javelineers
  7 merfolk impalers
  7 ettins
  7 yaktaur captains
  Josephine (D:13)
  A green death (Abyss:2)
  2 entropy weavers
  A spriggan zombie (Depths:2)
  3 jiangshi (Depths:2)
  6 great orbs of eyes
  33 vault guards
  3 hydras
  11 fire dragons
  4 rakshasas
  9 ice dragons
  2 peacekeepers
  2 alligator snapping turtles
  A catoblepas (Abyss:3)
  2 hell beasts
  5 merfolk aquamancers
  A spriggan air mage (Depths:3)
  8 radroaches
  3 ogre magi
  6 ironbound frosthearts
  10 boulder beetles
  11 two-headed ogres
  A jorogumo (Spider:2)
  5 merfolk avatars
  6 centaur warriors
  An alligator (Shoals:2)
  6 death yaks
  A spriggan skeleton (Abyss:4)
  9 deep troll shamans
  2 satyrs
  4 tengu warriors
  5 spriggan berserkers
  7 demonic crawlers
  3 deep troll earth magi
  2 vampire magi
  2 soul eaters
  6 orc high priests (Orc:2)
  A spectral dire elephant (Lair:5)
  Nergalle (D:10)
  4 skysharks
  10 hell knights
  2 sun demons (Depths:1)
  A storm dragon skeleton (Depths:2)
  5 shadow wraiths (Depths:3)
  A titan skeleton (Depths:2)
  4 wretched stars
  Lodul (D:10)
  10 pharaoh ants
  11 sea snakes
  2 sixfirhies
  8 iron trolls
  3 flayed ghosts (Depths:3)
  A goliath frog (Shoals:2)
  A skeletal warrior (Vaults:3)
  55 deep trolls
  A death drake (Abyss:3)
  9 orb spiders
  4 glowing orange brains
  A steelbarb worm (shapeshifter) (Depths:4)
  3 orc knights
  9 necromancers
  10 phantasmal warriors
  14 harpies
  8 lindwurms
  5 arcanists
  18 ironbound convokers
  A deep elf pyromancer (D:12)
  6 steelbarb worms
  3 orc sorcerers
  2 oklob plants
  18 manticores
  22 wolf spiders
  A sun moth (shapeshifter) (Depths:3)
  12 fauns
  3 cyclopes
  A large abomination (Abyss:4)
  10 meliai
  15 moths of wrath
  A meliai (shapeshifter) (D:10)
  28 ugly things
  An ice statue (IceCv)
  A kobold blastminer (Orc:1)
  A human skeleton (Vaults:3)
  2 smoke demons
  5 elephants
  6 merfolk sirens
  17 vault sentinels
  Joseph (D:8)
  5 water nymphs
  A gargoyle (D:13)
  3 torpor snails
  6 black mambas
  15 cane toads
  A naga skeleton (Abyss:4)
  2 rime drakes
  An unseen horror (D:13)
  12 yaktaurs
  12 komodo dragons
  An anaconda simulacrum (IceCv)
  3 efreet
  A freezing wraith (D:12)
  2 tormentors
  6 catoblepas skeletons (Abyss:3)
  3 ice devils
  2 tengu conjurers
  42 merfolk
  An ancient zyme (Abyss:4)
  5 polar bears
  15 hornets
  2 hellwings
  4 wind drakes
  24 tarantellas
  9 trolls
  15 snapping turtles
  3 dream sheep
  17 blink frogs
  4 raiju (Abyss:2)
  Sigmund (D:2)
  41 slime creatures
  11 culicivoras
  A centaur simulacrum (D:14)
  17 jumping spiders
  A shadow (D:13)
  8 water elementals
  2 wraiths
  29 yaks
  8 spriggans
  2 vampires
  3 wyverns
  7 basilisks
  9 wargs
  A yaktaur simulacrum (Vaults:3)
  A human (D:14)
  2 hogs
  30 redbacks
  9 vampire mosquitoes (Depths:3)
  5 death yak simulacra
  2 neqoxecs
  Grum (D:10)
  An acid dragon (D:8)
  23 water moccasins
  3 spectral cane toads (Lair:5)
  4 hydra simulacra (IceCv)
  A swamp worm (Lair:3)
  Duvessa (D:4)
  A naga (Vaults:5)
  4 hell hounds (Abyss:3)
  18 orc warriors
  2 crocodiles (Sewer)
  A sky beast (D:7)
  2 ice beasts
  15 ogres
  3 boggarts (D:15)
  An elephant zombie (Lair:5)
  4 small abominations
  17 wolves
  13 centaurs
  3 kobold brigands
  8 bullfrogs
  A gnoll sergeant (D:12)
  8 earth elementals (Abyss:3)
  3 two-headed ogre simulacra (IceCv)
  2 scorpions
  A cane toad simulacrum (IceCv)
  Dowan (D:4)
  A human simulacrum (Vaults:3)
  4 elephant simulacra
  17 killer bees
  5 jellies
  9 howler monkeys
  8 electric eels
  2 lava snakes (Lair:5)
  15 orc priests
  A bombardier beetle (D:5)
  3 gnoll boudas
  4 hounds
  4 iguanas
  13 orc wizards
  Terence (D:3)
  3 spriggan simulacra (IceCv)
  4 troll simulacra (IceCv)
  3 polar bear simulacra (IceCv)
  4 wolf simulacra
  16 gnolls
  6 naga simulacra (IceCv)
  23 adders
  7 river rats (Sewer)
  2 shadow imps
  8 white imps
  7 ufetubi (IceCv)
  A dart slug (D:3)
  2 ribbon worms
  60 orcs
  6 endoplasms
  4 goblins
  9 hobgoblins
  5 jackals
  17 kobolds
  2 quokkas
  10 ball pythons
  3 bats
  4 frilled lizards
  6 rats
  An aspiring flesh (Zot:1)
  13 tentacles
1754 creatures vanquished.

Vanquished Creatures (collateral kills)
  A dread lich (Zot:5)
  2 ancient liches (Depths:2)
  5 tentacled monstrosities
  An electric golem (Zot:5)
  5 Orb Guardians (Zot:5)
  A sphinx (Vaults:1)
  A shadow dragon (Zot:5)
  Roxanne (Shoals:2)
  A fire giant (Depths:2)
  2 iron dragons (Depths:2)
  A vault warden (Vaults:5)
  The ghost of flestrin the Imperceptible, an adept SpEn of Wu Jian (Spider:4)
  An ironbound preserver (Vaults:1)
  A very ugly thing (Depths:2)
  A stone giant (Vaults:5)
  2 vampire knights
  A green draconian (Zot:5)
  2 dire elephants (Lair:5)
  A red draconian (Zot:4)
  A white draconian (Zot:4)
  A crystal guardian (Vaults:2)
  A fire dragon (Depths:2)
  An ice dragon (Lair:3)
  A spriggan air mage (Depths:4)
  A catoblepas (Abyss:3)
  An ogre mage (Orc:2)
  2 demonic crawlers
  A spriggan berserker (Depths:4)
  3 sun demons (D:15)
  A sixfirhy (D:15)
  An iron troll (Depths:4)
  A spectral anaconda (Lair:5)
  5 deep trolls
  3 slime creatures
  10 ugly things
  4 moths of wrath
  5 elephants (Lair:2)
  A smoke demon (D:15)
  An efreet (D:15)
  4 merfolk (Lair:2)
  2 tarantellas (Spider:4)
  A blink frog (Lair:2)
  A spectral elephant (Lair:5)
  A snapping turtle (Shoals:1)
  4 dream sheep (Lair:2)
  4 wraiths (D:13)
  A redback (Spider:4)
  A neqoxec (D:15)
  A spectral cane toad (Lair:5)
  A chaos spawn (D:15)
  An ogre (Orc:2)
  A boggart (D:15)
  An elephant zombie (Lair:5)
  An earth elemental (Abyss:3)
  A two-headed ogre simulacrum (IceCv)
  A cane toad simulacrum (IceCv)
  An elephant simulacrum (IceCv)
  2 electric eels (Lair:3)
106 creatures vanquished.

Vanquished Creatures (others)
  A wolf spider (Spider:4)
  A human (D:14)
  A boggart (D:15)
  2 gnolls (D:5)
  6 starspawn tentacles
  27 tentacles
38 creatures vanquished.

Grand Total: 1898 creatures vanquished

Notes
Turn   | Place    | Note
-------+----------+-------------------------------------------
     0 | D:1      | jt the Kobold Alchemist began the quest for the Orb.
     0 | D:1      | Reached XP level 1. HP: 10/10 MP: 3/3
   165 | D:1      | Found a faded altar of an unknown god.
   170 | D:1      | Prayed at the altar of an unknown god.
   170 | D:1      | Became a worshipper of Nemelex Xobeh the Trickster
   170 | D:1      | Reached * piety under Nemelex Xobeh
   511 | D:1      | Reached XP level 2. HP: 15/15 MP: 1/5
   649 | D:1      | Received a gift from Nemelex Xobeh
  1147 | D:1      | Reached XP level 3. HP: 19/19 MP: 4/7
  1573 | D:2      | Reached ** piety under Nemelex Xobeh
  1709 | D:2      | Found a bloodstained altar of Trog.
  1815 | D:2      | Noticed Sigmund
  1830 | D:2      | Killed Sigmund
  1831 | D:2      | Reached XP level 4. HP: 3/24 MP: 1/9
  1831 | D:2      | Reached XP level 5. HP: 4/28 MP: 1/10
  1831 | D:2      | Reached XP level 6. HP: 4/32 MP: 1/11
  1944 | D:2      | Learned a level 3 spell: Mephitic Cloud
  1949 | D:2      | Learned a level 4 spell: Olgreb's Toxic Radiance
  3056 | D:3      | Noticed Terence
  3067 | D:3      | Killed Terence
  3297 | D:4      | Reached skill level 1 in Air Magic
  3532 | D:4      | Noticed Dowan
  3536 | D:4      | Noticed Duvessa
  3565 | D:4      | Killed Duvessa
  3566 | D:4      | Reached XP level 7. HP: 20/36 MP: 0/13
  3809 | D:4      | Killed Dowan
  3877 | D:4      | Reached *** piety under Nemelex Xobeh
  4545 | D:5      | Entered Level 5 of the Dungeon
  4558 | D:5      | Reached skill level 1 in Evocations
  4738 | D:5      | Reached skill level 1 in Fighting
  4738 | D:5      | Reached skill level 3 in Dodging
  4777 | D:5      | Found a glowing drain.
  4788 | Sewer    | Entered a sewer
  4848 | Sewer    | Reached XP level 8. HP: 31/44 MP: 9/14
  4989 | Sewer    | Reached skill level 4 in Dodging
  5485 | Sewer    | Reached skill level 5 in Dodging
  5496 | Sewer    | Reached skill level 5 in Alchemy
  6138 | D:5      | Found a white marble altar of Elyvilon.
  6481 | D:5      | Found a staircase to the Ecumenical Temple.
  6487 | Temple   | Entered the Ecumenical Temple
  7105 | D:6      | Reached XP level 9. HP: 43/52 MP: 4/15
  7141 | D:6      | Learned a level 4 spell: Sticky Flame
  7534 | D:6      | Reached skill level 1 in Fire Magic
  7580 | D:6      | You fall into a shaft and drop 1 floor!
  7599 | D:7      | Found a sacrificial altar of Ru.
  8182 | D:6      | Reached skill level 5 in Spellcasting
  8430 | D:6      | Found a shadowy altar of Dithmenos.
  8614 | D:7      | Received a gift from Nemelex Xobeh
  8699 | D:7      | Reached **** piety under Nemelex Xobeh
  9043 | D:8      | Reached skill level 5 in Fire Magic
  9452 | D:8      | Identified a scroll of acquirement
  9469 | D:8      | Acquired a +2 quick blade of electrocution
  9517 | D:8      | Noticed Joseph
  9658 | D:8      | Killed Joseph
  9659 | D:8      | Reached skill level 5 in Short Blades
  9906 | D:8      | Reached XP level 10. HP: 43/56 MP: 8/17
 10169 | D:8      | Received a gift from Nemelex Xobeh
 10194 | D:8      | Noticed a komodo dragon
 10208 | D:8      | Killed a komodo dragon
 10807 | D:9      | Found Idwan Xile's Distillery.
 10812 | D:9      | Bought a potion of brilliance for 56 gold pieces
 10812 | D:9      | Bought a potion of invisibility for 112 gold pieces
 10812 | D:9      | Bought a potion of might for 56 gold pieces
 10812 | D:9      | Bought a potion of curing for 42 gold pieces
 10812 | D:9      | Bought a potion of enlightenment for 70 gold pieces
 10889 | D:9      | Noticed a centaur warrior
 10897 | D:9      | Killed a centaur warrior
 10951 | D:9      | Noticed a boulder beetle
 11151 | D:9      | Killed a boulder beetle
 11365 | D:9      | Received a gift from Nemelex Xobeh
 11387 | D:9      | Noticed a two-headed ogre
 11415 | D:9      | Killed a two-headed ogre
 11416 | D:9      | Reached XP level 11. HP: 60/60 MP: 11/18
 11501 | D:9      | Found a staircase to the Orcish Mines.
 11712 | Orc:1    | Entered Level 1 of the Orcish Mines
 11731 | Orc:1    | Noticed an orc sorcerer
 11738 | Orc:1    | Killed an orc sorcerer
 11968 | Orc:1    | Found a runed translucent door.
 11987 | Orc:1    | Found a runed translucent door.
 12303 | Orc:1    | Found an ornate altar of the Wu Jian Council.
 12304 | Orc:1    | Found a transporter.
 12315 | Orc:1    | Found a transporter.
 12321 | Orc:1    | Noticed an orc knight
 12322 | Orc:1    | Found a transporter.
 12323 | Orc:1    | Noticed an orc knight
 12338 | Orc:1    | Found a transporter.
 12338 | Orc:1    | Noticed an orc warlord
 12455 | Orc:1    | Noticed an orange crystal statue
 12552 | Orc:2    | Entered Level 2 of the Orcish Mines
 12565 | Orc:2    | Noticed an orc warlord
 12568 | Orc:2    | Noticed an orc knight
 12575 | Orc:1    | Killed an orc warlord
 12576 | Orc:1    | Reached skill level 5 in Stealth
 12576 | Orc:1    | Reached skill level 5 in Conjurations
 12724 | Orc:2    | Found a staircase to the Elven Halls.
 12741 | Orc:2    | Noticed an orc sorcerer
 12852 | Orc:2    | Noticed an orc high priest
 12858 | Orc:2    | Killed an orc high priest
 12859 | Orc:2    | Reached skill level 10 in Invocations
 12866 | Orc:2    | Killed an orc sorcerer
 13082 | Orc:2    | Noticed an orc high priest
 13305 | D:10     | Entered Level 10 of the Dungeon
 13306 | D:10     | Noticed a two-headed ogre
 13314 | D:10     | Killed a two-headed ogre
 13402 | D:10     | Received a gift from Nemelex Xobeh
 13501 | D:10     | Noticed Grum
 13519 | D:10     | Killed Grum
 13621 | D:10     | Reached XP level 12. HP: 67/67 MP: 20/20
 13640 | D:10     | Reached skill level 6 in Dodging
 13668 | D:10     | Reached skill level 5 in Fighting
 14031 | D:10     | Found a stormy altar of Qazlal.
 14116 | D:10     | Noticed a two-headed ogre
 14124 | D:10     | Noticed Nergalle
 14127 | D:10     | Killed Nergalle
 14128 | D:10     | Reached skill level 7 in Dodging
 14128 | D:10     | Killed a two-headed ogre
 14192 | D:10     | Noticed Lodul
 14197 | D:10     | Killed Lodul
 14382 | D:10     | Found a staircase to the Lair.
 14393 | D:10     | Learned a level 5 spell: Irradiate
 14404 | D:10     | Found a basalt altar of Yredelemnul.
 14407 | D:10     | Noticed a profane servitor
 14419 | D:10     | Found a glowing golden altar of the Shining One.
 14422 | D:10     | Noticed an angel
 14817 | D:11     | Noticed a two-headed ogre
 14833 | D:11     | Noticed a two-headed ogre
 14850 | D:11     | Killed a two-headed ogre
 14977 | D:11     | Killed a two-headed ogre
 15021 | D:11     | Received a gift from Nemelex Xobeh
 15201 | D:11     | Gained mutation: You have hidden genetic potential. [potion
                  | of mutation]
 15201 | D:11     | Gained mutation: You have supernaturally acute eyesight.
                  | (SInv) [potion of mutation]
 15201 | D:11     | Gained mutation: You are strong-willed. (Will+) [potion of
                  | mutation]
 15250 | D:11     | Noticed a boulder beetle
 15469 | D:11     | Killed a boulder beetle
 15516 | D:11     | Received a gift from Nemelex Xobeh
 15523 | D:11     | Noticed a two-headed ogre
 15533 | D:11     | Killed a two-headed ogre
 15534 | D:11     | Reached XP level 13. HP: 75/75 MP: 13/22
 15932 | D:12     | Received a gift from Nemelex Xobeh
 16321 | D:12     | Reached skill level 10 in Alchemy
 16628 | D:12     | Reached ***** piety under Nemelex Xobeh
 16817 | D:12     | Identified the ring of Deacoj {Str+6 Stlth+}
 17561 | Lair:1   | Entered Level 1 of the Lair of Beasts
 17582 | Lair:1   | Received a gift from Nemelex Xobeh
 17864 | Lair:1   | You fall into a shaft and drop 1 floor!
 17887 | Lair:2   | Identified the +0 ring mail of an ossuary {+Blink Will+
                  | Int+2}
 17910 | Lair:2   | Gained mutation: You are partially covered in iridescent
                  | scales. (AC +2) [hidden potential]
 17952 | Lair:2   | Reached skill level 10 in Conjurations
 17963 | Lair:2   | Reached XP level 14. HP: 80/80 MP: 0/23
 19045 | Lair:2   | Received a gift from Nemelex Xobeh
 19298 | Lair:2   | Found a staircase to the Shoals.
 19409 | Lair:2   | Received a gift from Nemelex Xobeh
 20045 | Lair:3   | Found a basalt altar of Yredelemnul.
 20060 | Lair:3   | Found a frozen archway.
 20232 | IceCv    | Entered an ice cave
 21063 | IceCv    | Received a gift from Nemelex Xobeh
 21495 | IceCv    | Noticed a reaper
 21497 | IceCv    | a reaper changed into a soul eater
 21847 | Lair:3   | Gained mutation: Your mind is acute. (Int +4, Str/Dex -1)
                  | [hidden potential]
 21847 | Lair:3   | Lost mutation: You have hidden genetic potential. [hidden
                  | potential expressed]
 22156 | Lair:3   | Received a gift from Nemelex Xobeh
 22346 | Lair:3   | Found a hole to the Spider Nest.
 22720 | Lair:3   | Identified the +5 hand axe "Kaosunoc" {venom, rN+}
 23139 | Lair:3   | Received a gift from Nemelex Xobeh
 23693 | Lair:4   | Received a gift from Nemelex Xobeh
 24057 | Lair:4   | Found a staircase to the Slime Pits.
 24057 | Lair:4   | Found a viscous altar of Jiyva.
 24172 | Lair:4   | Received a gift from Nemelex Xobeh
 24719 | Lair:5   | Entered Level 5 of the Lair of Beasts
 24918 | Lair:5   | Reached XP level 15. HP: 70/84 MP: 15/24
 25396 | Lair:5   | Reached skill level 8 in Dodging
 25451 | Lair:5   | Reached ****** piety under Nemelex Xobeh
 25585 | Lair:5   | Received a gift from Nemelex Xobeh
 26462 | Lair:5   | Reached skill level 9 in Dodging
 27084 | Lair:5   | Reached skill level 10 in Dodging
 27399 | Lair:2   | Reached skill level 10 in Fighting
 28499 | Orc:2    | Received a gift from Nemelex Xobeh
 28607 | Orc:2    | Found Nigud's Book Emporium.
 28707 | Orc:2    | Found Ruekoysa's Magic Scroll Shoppe.
 28766 | Orc:2    | Reached XP level 16. HP: 97/97 MP: 21/26
 29000 | Orc:2    | Found Bilimiamn's Armour Shoppe.
 29125 | Orc:2    | Bought a scroll of enchant weapon for 90 gold pieces
 29152 | Orc:2    | Learned a level 6 spell: Sculpt Simulacrum
 29301 | Orc:1    | Reached skill level 1 in Ice Magic
 29347 | Orc:1    | Found an ornate altar of the Wu Jian Council.
 29736 | D:13     | Noticed Josephine
 29743 | D:13     | Killed Josephine
 29918 | D:13     | Received a gift from Nemelex Xobeh
 30009 | D:13     | Found a gate to the Vaults.
 30011 | D:13     | Noticed a frost giant
 30072 | D:13     | Acquired a book of Power
 30074 | D:13     | Acquired the +3 pair of boots "Xun Foob" {+Inv rN+ Int+3}
 30361 | D:13     | Found a blossoming altar of Fedhas.
 30629 | D:14     | Received a gift from Nemelex Xobeh
 30737 | D:14     | Noticed Kirke
 30767 | D:14     | Kirke changed into Kirke the komodo dragon
 30767 | D:14     | Noticed Kirke
 30769 | D:14     | Killed Kirke the komodo dragon
 30935 | D:14     | Learned a level 4 spell: Iskenderun's Mystic Blast
 31063 | D:14     | Reached skill level 1 in Translocations
 31386 | D:14     | Received a gift from Nemelex Xobeh
 32060 | D:15     | Entered Level 15 of the Dungeon
 32060 | D:15     | Received a gift from Nemelex Xobeh
 32375 | D:15     | Identified the +4 robe of Qoh Imogg {-Cast rPois Will+++
                  | rCorr}
 32474 | D:15     | Reached skill level 5 in Translocations
 32474 | D:15     | Reached skill level 5 in Ice Magic
 32545 | D:15     | Found a glowing golden altar of the Shining One.
 32973 | D:15     | Received a gift from Nemelex Xobeh
 34046 | D:15     | Reached XP level 17. HP: 84/102 MP: 15/29
 34182 | D:15     | Found a staircase to the Depths.
 34406 | D:9      | Bought a potion of ambrosia for 112 gold pieces
 34406 | D:9      | Bought a potion of enlightenment for 70 gold pieces
 34406 | D:9      | Bought a potion of curing for 42 gold pieces
 34406 | D:9      | Bought a potion of heal wounds for 70 gold pieces
 34406 | D:9      | Bought 2 potions of haste for 280 gold pieces
 34531 | Spider:1 | Entered Level 1 of the Spider Nest
 34911 | Spider:1 | Received a gift from Nemelex Xobeh
 35574 | Spider:1 | Received a gift from Nemelex Xobeh
 35891 | Spider:1 | Identified the ring "Ypicael" {rPois rCorr Int-4 Dex+3}
 35938 | Spider:1 | Reached XP level 18. HP: 88/107 MP: 26/30
 35939 | Spider:1 | Reached XP level 19. HP: 94/112 MP: 27/31
 36111 | Spider:1 | Reached skill level 10 in Ice Magic
 36210 | Spider:2 | Received a gift from Nemelex Xobeh
 36336 | Spider:2 | Identified the +0 chain mail of the Echidna {rCorr Dex+5}
 37500 | Spider:3 | Noticed Arachne
 37514 | Spider:3 | Killed Arachne
 37830 | Spider:3 | Reached skill level 10 in Stealth
 37912 | Spider:3 | Received a gift from Nemelex Xobeh
 38004 | Spider:3 | Noticed Mara
 38046 | Spider:4 | Entered Level 4 of the Spider Nest
 38185 | Spider:4 | Reached skill level 5 in Evocations
 38770 | Spider:4 | Reached skill level 11 in Dodging
 38942 | Spider:4 | Reached XP level 20. HP: 66/119 MP: 19/32
 39158 | Spider:4 | Learned a level 6 spell: Eringya's Noxious Bog
 39611 | Spider:4 | Identified the +1 robe of Liberty {rElec SInv}
 39668 | Spider:4 | Received a gift from Nemelex Xobeh
 39711 | Spider:4 | Found a runed translucent door.
 39713 | Spider:4 | Noticed flestrin's ghost (adept SpEn)
 40328 | Spider:4 | Got a gossamer rune of Zot
 40461 | Spider:4 | Identified the -1 hand axe of Kohoan {holy, MP+9}
 40480 | Spider:4 | Killed flestrin's ghost
 40622 | Shoals:1 | Entered Level 1 of the Shoals
 40623 | Shoals:1 | Found Deuleuw's Antique Armour Shop.
 40992 | Shoals:1 | Found Xos Quet's Jewellery Shoppe.
 41060 | Shoals:1 | Reached skill level 15 in Alchemy
 41206 | Shoals:1 | Reached skill level 12 in Dodging
 41284 | Shoals:1 | Received a gift from Nemelex Xobeh
 41561 | Shoals:1 | Noticed Louise
 41573 | Shoals:1 | Killed Louise
 42009 | Shoals:2 | Noticed Roxanne
 42495 | Shoals:1 | Bought a glowing scarf for 200 gold pieces
 42497 | Shoals:1 | Bought a pair of runed gloves for 187 gold pieces
 42499 | Shoals:1 | Bought a runed robe for 92 gold pieces
 42553 | Shoals:2 | Noticed Ilsuiw
 43298 | Shoals:3 | Received a gift from Nemelex Xobeh
 43711 | Shoals:3 | Received a gift from Nemelex Xobeh
 44094 | Shoals:3 | Identified the +6 spear of Context {pain, Int+3}
 44146 | Shoals:3 | Received a gift from Nemelex Xobeh
 44399 | Shoals:4 | Entered Level 4 of the Shoals
 44757 | Shoals:4 | Found Ymuchir's Antique Weapon Shop.
 44817 | Shoals:4 | Reached XP level 21. HP: 128/128 MP: 23/33
 45337 | Shoals:4 | Reached skill level 13 in Dodging
 45701 | Shoals:4 | Got a barnacled rune of Zot
 46835 | Shoals:2 | Received a gift from Nemelex Xobeh
 47006 | Shoals:2 | Killed Ilsuiw
 47638 | Shoals:2 | Received a gift from Nemelex Xobeh
 47754 | Shoals:2 | Killed Roxanne
 48082 | Vaults:1 | Entered Level 1 of the Vaults
 49656 | Vaults:1 | Received a gift from Nemelex Xobeh
 49673 | Vaults:1 | Reached skill level 10 in Spellcasting
 49912 | Vaults:1 | Reached skill level 14 in Dodging
 50460 | Vaults:2 | Received a gift from Nemelex Xobeh
 51115 | Vaults:2 | Identified the +0 long sword of Sechyxokh {drain, +Blink
                  | SInv}
 51245 | Vaults:2 | Reached XP level 22. HP: 136/136 MP: 23/36
 51417 | Vaults:2 | Received a gift from Nemelex Xobeh
 51726 | Vaults:2 | Found a transporter.
 51736 | Vaults:2 | Found a transporter.
 52107 | Vaults:2 | Received a gift from Nemelex Xobeh
 53192 | Vaults:3 | Received a gift from Nemelex Xobeh
 53377 | Vaults:3 | Found a portal to a secret trove of treasure.
 53388 | Vaults:3 | Found Jitia's Distillery.
 53425 | Vaults:3 | Found Labobrez's Assorted Antiques.
 53429 | Vaults:3 | Bought a brightly glowing ring mail for 315 gold pieces
 53429 | Vaults:3 | Identified the +3 ring mail of Ahoredat {rC- Regen+ Slay+6
                  | SInv} (You bought it in a shop on level 3 of the Vaults)
 53542 | Vaults:3 | Found Edwityal's Jewellery Shoppe.
 53547 | Vaults:3 | Bought the amulet of Horghohei {rElec rC+ Regen+ Dex-2} for
                  | 608 gold pieces
 53578 | Vaults:3 | Found Rauvvext's Jewellery Emporium.
 53621 | Vaults:3 | Found Javyzxye's Weapon Boutique.
 53780 | Vaults:3 | Reached skill level 15 in Dodging
 53838 | Vaults:3 | Received a gift from Nemelex Xobeh
 54579 | Vaults:3 | Found a staircase to the Crypt.
 55557 | Vaults:4 | Received a gift from Nemelex Xobeh
 55807 | Vaults:4 | Reached skill level 15 in Invocations
 55833 | Vaults:4 | Reached skill level 15 in Fighting
 55925 | Vaults:4 | Identified the dragon-blood talisman of the Jolly
                  | Interlopers {*Slow rElec rC+}
 56056 | Vaults:4 | Reached XP level 23. HP: 53/144 MP: 16/37
 56507 | Vaults:4 | Reached skill level 16 in Dodging
 56722 | Vaults:4 | Learned a level 4 spell: Ignite Poison
 56978 | Vaults:4 | Found a runed translucent door.
 56978 | Vaults:4 | Noticed PanSaczeczos's ghost (adept AtIE)
 57172 | Vaults:4 | Received a gift from Nemelex Xobeh
 57718 | Vaults:5 | Entered Level 5 of the Vaults
 58100 | Vaults:5 | Noticed a golden dragon
 58477 | Depths:1 | Entered Level 1 of the Depths
 58509 | Depths:1 | Reached skill level 17 in Dodging
 58683 | Depths:1 | Identified the staff "Eggevute" {rPois rCorr Dex+2 Alchemy}
 59118 | Depths:1 | Received a gift from Nemelex Xobeh
 59527 | Depths:1 | Found a gateway to Hell.
 59575 | Depths:1 | Received a gift from Nemelex Xobeh
 59612 | Depths:1 | Identified the +4 hand axe of the Desert {speed, rPois rF-
                  | Dex+3}
 59631 | Depths:1 | Noticed a caustic shrike
 59640 | Depths:1 | Killed a caustic shrike
 59641 | Depths:1 | Reached XP level 24. HP: 154/154 MP: 37/37
 59730 | Depths:1 | Found a one-way gate to the infinite horrors of the Abyss.
 59837 | Depths:1 | Found a one-way gate leading to the halls of Pandemonium.
 60161 | Depths:2 | Found the +1 cloak of Starlight {*Dazzle EV+4 Stlth--}
 60589 | Depths:2 | Reached skill level 1 in Throwing
 60638 | Depths:2 | Found a sparkling altar of Nemelex Xobeh.
 60685 | Depths:2 | Received a gift from Nemelex Xobeh
 61378 | Depths:2 | Reached skill level 18 in Dodging
 62278 | Depths:2 | Received a gift from Nemelex Xobeh
 62304 | Depths:2 | Noticed an ancient lich
 62305 | Depths:2 | Noticed an ancient lich
 62316 | Depths:2 | Killed an ancient lich
 62318 | Depths:2 | Killed an ancient lich
 62438 | Depths:2 | Identified the +9 fire dragon scales "Kenoamum" {-Tele rF++
                  | rC- Will+ Stlth+}
 62460 | Depths:2 | Identified the +6 whip "Hidihyh" {venom, Int+5 Dex-2}
 62512 | Depths:2 | Identified the -1 hand axe "Yfupp" {antimagic, ^Contam
                  | rC+++ Int+3 Dex+3}
 63371 | Depths:3 | Reached skill level 19 in Dodging
 63374 | Depths:3 | Reached XP level 25. HP: 163/163 MP: 25/38
 64311 | Depths:3 | Learned a level 5 spell: Fireball
 64989 | Depths:3 | Noticed Jory
 64998 | Depths:3 | Killed Jory
 65250 | Depths:3 | Received a gift from Nemelex Xobeh
 65608 | Depths:4 | Entered Level 4 of the Depths
 66366 | Depths:4 | Found a stormy altar of Qazlal.
 66374 | Depths:4 | Identified the +0 pair of gloves "Ruulutum" {rF- Str+6}
 66389 | Depths:4 | Found Ucisis's General Store.
 66491 | Depths:4 | Found a one-way gateway to a ziggurat.
 66674 | Depths:4 | Reached skill level 20 in Dodging
 66940 | Depths:4 | Identified the +11 scimitar of the Feather {antimagic,
                  | Dex+2 SInv}
 67133 | Depths:4 | Received a gift from Nemelex Xobeh
 67192 | Depths:4 | Found a gate to the Realm of Zot.
 67268 | Depths:3 | Voluntarily entered the Abyss.
 67272 | Abyss:1  | Found a corrupted altar of Lugonu.
 67384 | Abyss:2  | Learned a level 3 spell: Passwall
 67672 | Abyss:3  | Reached skill level 1 in Earth Magic
 67793 | Abyss:3  | Got an abyssal rune of Zot
 68128 | Abyss:4  | Reached XP level 26. HP: 169/172 MP: 25/40
 68220 | Depths:3 | Escaped the Abyss
 68485 | Zot:1    | Entered Level 1 of the Realm of Zot
 68495 | Zot:1    | Received a gift from Nemelex Xobeh
 68950 | Zot:1    | Reached skill level 15 in Stealth
 69046 | Zot:1    | Reached skill level 10 in Evocations
 69731 | Zot:2    | Found the +4 dragonskin cloak
 69731 | Zot:2    | Noticed Tiamat
 69742 | Zot:2    | Tiamat changed into Tiamat the golden dragon
 69742 | Zot:2    | Noticed Tiamat
 69752 | Zot:1    | Killed Tiamat the golden dragon
 70104 | Zot:2    | Reached skill level 21 in Dodging
 70224 | Zot:2    | Found an ancient bone altar of Kikubaaqudgha.
 70326 | Zot:2    | Found a runed translucent gate.
 70326 | Zot:2    | Found a runed translucent gate.
 70326 | Zot:2    | Found a runed translucent gate.
 70328 | Zot:2    | Noticed Sial's ghost (veteran MiMo)
 70362 | Zot:2    | Received a gift from Nemelex Xobeh
 70552 | Zot:3    | Received a gift from Nemelex Xobeh
 70631 | Zot:5    | Entered Level 5 of the Realm of Zot
 71444 | Vaults:3 | Bought a potion of brilliance for 80 gold pieces
 71444 | Vaults:3 | Bought a potion of magic for 160 gold pieces
 71444 | Vaults:3 | Bought a potion of curing for 60 gold pieces
 71444 | Vaults:3 | Bought a potion of brilliance for 80 gold pieces
 71444 | Vaults:3 | Bought a potion of curing for 60 gold pieces
 71444 | Vaults:3 | Bought a potion of cancellation for 160 gold pieces
 71444 | Vaults:3 | Bought a potion of enlightenment for 100 gold pieces
 71444 | Vaults:3 | Bought a potion of curing for 60 gold pieces
 72571 | Zot:5    | Reached XP level 27. HP: 178/180 MP: 24/40
 72724 | Zot:5    | Learned a level 4 spell: Vhi's Electric Charge
 72758 | Zot:5    | Noticed a Killer Klown
 72767 | Zot:5    | Noticed a Killer Klown
 72776 | Zot:5    | Noticed a dread lich
 72806 | Zot:5    | Killed a Killer Klown
 72806 | Zot:5    | Killed a dread lich
 73068 | Zot:5    | Noticed an ancient lich
 73072 | Zot:5    | Killed an ancient lich
 73622 | Zot:4    | Received a gift from Nemelex Xobeh
 74199 | Zot:5    | Reached skill level 22 in Dodging
 74230 | Zot:5    | Noticed a Killer Klown
 74342 | Zot:5    | Noticed a Killer Klown
 74456 | Zot:5    | Killed a Killer Klown
 74518 | Zot:5    | Killed a Killer Klown
 74586 | Zot:5    | Noticed an orb of fire
 74602 | Zot:5    | Gained mutation: You are clumsy. (Dex -2) [an orb of fire]
 74603 | Zot:5    | Killed an orb of fire
 74710 | Zot:5    | Noticed an orb of fire
 74736 | Zot:5    | Killed a Killer Klown
 74738 | Zot:5    | HP: 5/181 [constriction (7)]
 74847 | Zot:5    | Received a gift from Nemelex Xobeh
 74871 | Zot:5    | Gained mutation: You are vulnerable to heat. (rF-) [an orb
                  | of fire]
 74880 | Zot:5    | Noticed a dread lich
 74892 | Zot:5    | Killed a dread lich
 74897 | Zot:5    | Noticed a dread lich
 74901 | Zot:5    | Got the Orb of Zot
 74908 | Zot:5    | Noticed Xakkom the pandemonium lord
 74913 | Zot:5    | Noticed a Killer Klown
 74919 | Zot:5    | Noticed an orb of fire
 74920 | Zot:5    | Killed from afar by an orb of fire

Illustrated notes

Levels and vault maps discovered:
D:1:      elethiomel_arrival_infinity_welcomes_careful_drivers,
          layout_loops_corners, shapermc_ecumenical_altar_mp_highgroup
D:2:      layout_basic, basic_altar, kennysheep_cross_room,
          minmay_misc_feat_doors, uniq_sigmund
D:3:      layout_loops_cross, uniq_terence
D:4:      layout_gridville, uniq_duvessa
D:5:      layout_loops_ring, nicolae_elyvilon_peaceful_grove,
          lemuel_temple_firewalk_b, mainiacjoe_sewer_entry_somewhere_in_here_2,
          lightli_corner_chamber
D:6:      layout_loops_ring, lemuel_tele_altar,
          serial_library_regret_index_split_case
D:7:      layout_rooms, mainiacjoe_overflow_surrounded_room
D:8:      layout_basic, uniq_joseph
D:9:      minmay_bloctagon_deflated, layout_irregular_city, orc_0_dummy,
          serial_shops, shop
D:10:     layout_cave_pools, grunt_temple_overflow_holy_war,
          general_overflow_altar, lair_entry_dummy, hangedman_decor_growths,
          minmay_microvault, uniq_lodul, uniq_nergalle, uniq_grum
D:11:     layout_basic
D:12:     lemuel_reptile_caves, layout_long_grid, serial_park_tiny_2
D:13:     minmay_weird_star, layout_basic, hellmonk_vaults_attempted_burglary,
          serial_curves, eino_curves_01, eino_curves_02,
          fedhas_bush_and_centaur_altar, uniq_josephine
D:14:     layout_basic, uniq_kirke
D:15:     grunt_enter_depths_hoard, layout_loops_corners, serial_demonic,
          serial_demonic_a, serial_demonic_f, serial_demonic_d,
          serial_demonic_g, lemuel_doored_altar, nicolae_fountain_basement
Temple:   nicolae_temple_x_marks_the_god
Lair:1:   layout_roguey
Lair:2:   layout_gridlike, elwin_shoals_entry_stream,
          chequers_serial_rivers_micro_e, minmay_lindwurm_lava,
          serial_bayou_shore_b, infiniplex_staircase_pool_2
Lair:3:   dragon1_lemuel, layout_cave_shapes,
          hellmonk_spider_entry_not_the_bees,
          portal_ice_cave_entry_ice_simulacra, st_stairs_11, lemuel_oklob_altar,
          infiniplex_staircase_pool, lemuel_fruit_tree
Lair:4:   layout_gridlike, slime_entry_1, dreamdust_gnoll_shepherd
Lair:5:   due_jungle_book, layout_regular_city, nicolae_lair_liquid_snakes
Shoals:1: layout_shoals, minmay_shop_enchanted_jewellery,
          nicolae_take_the_stairs, uniq_louise
Shoals:2: layout_shoals, nicolae_shoals_goliath_grotto, uniq_ilsuiw,
          uniq_roxanne
Shoals:3: layout_shoals, abandoned_shop, nicolae_shoals_kraken_party
Shoals:4: shoals_end_grunt_ice, layout_shoals, shoal_ilsuiw, serial_shops, shop
Spider:1: layout_cave_pods, spiders_nest_hornet_nest
Spider:2: layout_spider_delve, nicolae_spider_wall_of_niches
Spider:3: layout_spider_delve, uniq_arachne, uniq_mara
Spider:4: grunt_spider_rune_circles, gammafunk_ghost_grave
Orc:1:    dreamdust_wu_jian_sword_trials, layout_caves,
          chequers_guarded_unrand_ignorance
Orc:2:    st_orc_town, layout_caves
Vaults:1: nicolae_vaults_cornered_office, hangedman_vaults_stretched_pinwheel,
          nicolae_vaults_door_testing_chamber, vaults_room_large_hall,
          vaults_mumra_chevron, nicolae_vaults_storage_closets_1,
          nicolae_vaults_double_plus_1, nicolae_vaults_ninety_degrees,
          vaults_dpeg_diagonal, ontoclasm_vaults_chip, layout_vaults_big_room
Vaults:2: gammafunk_ghost_wrathful_warriors, ontoclasm_vaults_ligature,
          vaults_room_octagon, ontoclasm_vaults_claustrophobia,
          nicolae_vaults_network_quinsquares
          [nicolae_vaults_network_quincunx_subvault,
          nicolae_vaults_network_quincunx_subvault,
          nicolae_vaults_network_quincunx_subvault,
          nicolae_vaults_network_quincunx_subvault], v_misc_1,
          nicolae_vaults_apartment_1, hangedman_vaults_corner, v_misc_13,
          hangedman_vaults_variations, nicolae_vaults_asterisk,
          layout_vaults_omnibox
Vaults:3: v_alt_pattern_6, vaults_room_semicircle, v_alt_pattern_5, v_rooms_2,
          nicolae_vaults_tetromino_L_1, nicolae_vaults_tetromino_T_2,
          minmay_crypt_entry_simple_box, nicolae_vaults_ring_of_whatevers,
          layout_vaults_omnigrid, serial_shops, shop,
          nicolae_shop_back_alley_shop, nicolae_shop_rolling_square,
          nicolae_shop_gaudy_bauble, nicolae_shop_crystal, enter_trove_3
Vaults:4: gammafunk_ghost_grave, hangedman_vaults_stretched_pinwheel,
          hangedman_vaults_slice, ontoclasm_vaults_fault, v_misc_17,
          vaults_dpeg_ring, grunt_vaults_diagonal, hangedman_vaults_locks,
          v_misc_13, ontoclasm_vaults_hangar, nicolae_vaults_spaceships,
          nicolae_vaults_big_ls, ontoclasm_vaults_chip,
          ontoclasm_vaults_gallery, layout_vaults_big_cross
Vaults:5: serial_shops, uniq_bai_suzhen
Depths:1: layout_basic, minmay_misc_feat_enclosed, rand_demon_pan_entry_4,
          abyss_entry_small_statue_room, hell_entry, evilmike_butchery,
          kennysheep_cross_landing
Depths:2: regret_index_infernal_bastille, layout_gridville,
          grunt_pan_entry_spiral, nemelex_spade_bored_becter, pf_coc_iceberg,
          infiniplex_staircase_zigzag_3
Depths:3: due_jory_tower, layout_gridlike, hangedman_abyss_entry_splay,
          hell_entry, rand_demon_pan_entry_9, skrybe_limestone_x,
          chequers_serial_rivers_large_a, corner_web_ring
Depths:4: grunt_zot_entry_gee_three, layout_cave_shapes, enter_ziggurat_b,
          hell_entry, serial_shops, shop, grunt_qazlal_clouds
Zot:1:    layout_onion, skrybe_zot_glass_1
Zot:2:    layout_basic, gammafunk_ghost_ooze, nicolae_lava_and_water,
          regret_index_zotdec_dark_gr, uniq_tiamat
Zot:3:    gammafunk_its_a_trap, layout_twisted_circle
Zot:4:    layout_misc_corridors
Zot:5:    layout_basic, st_stairs_3

Skill      XL: |  1  2  3  4  5  6  7  8  9 10 11 12 13 14 15 16 17 18 19 20 21 22 23 24 25 26 27 |
---------------+----------------------------------------------------------------------------------+-----
Spellcasting   | 3 4 5 6 8 10 11 13 | 13.0
Conjurations   | 3 4 5 6 10 12 | 12.7
Alchemy        | 4 6 8 9 11 13 14 15 16 17 18 | 18.0
Air Magic      | 1 2 4 |  4.0
Evocations     | 2 5 9 10 | 10.0
Fighting       | 2 3 4 6 10 12 13 15 16 18 19 20 21 | 21.2
Dodging        | 3 5 7 10 11 12 14 15 17 19 20 21 22 | 22.5
Fire Magic     | 5 7 |  7.0
Short Blades   | 6 8 11 14 | 14.0
Invocations    | 8 11 12 13 15 16 | 16.8
Stealth        | 5 8 10 13 14 17 18 | 18.0
Ice Magic      | 7 9 10 | 10.0
Translocations | 5 7 |  7.9
Throwing       | 4 |  4.0
Earth Magic    | 2 4 |  4.0

Action                     |  1- 3 |  4- 6 |  7- 9 | 10-12 | 13-15 | 16-18 | 19-21 | 22-24 | 25-27 || total
---------------------------+-------+-------+-------+-------+-------+-------+-------+-------+-------++-------
  Melee: Unarmed           |     2 |       |       |       |       |       |       |       |       ||     2
         Staff             |     8 |    13 |    55 |       |    42 |    20 |     8 |    85 |       ||   231
         Short sword       |       |       |    19 |       |       |       |       |       |       ||    19
         Quick blade       |       |       |     5 |   207 |   687 |   269 |  1198 |  1151 |  1541 ||  5058
         Punch             |       |       |       |     2 |    12 |     9 |    27 |    24 |    29 ||   103
         Hand axe          |       |       |       |       |    15 |     2 |       |       |       ||    17
  Throw: Dart              |       |     1 |     3 |       |       |       |     1 |     4 |       ||     9
   Cast: Sting             |    36 |    56 |   211 |   102 |   150 |    30 |    88 |    29 |    13 ||   715
         Mephitic Cloud    |       |     3 |    12 |    35 |    34 |    15 |    51 |    25 |       ||   175
         Olgreb's Toxic Ra |       |       |     9 |    65 |    91 |    47 |   181 |   115 |    94 ||   602
         Sticky Flame      |       |       |     3 |    10 |   105 |    28 |    53 |    71 |    54 ||   324
         Irradiate         |       |       |       |     1 |    29 |    18 |    47 |    31 |    44 ||   170
         Sculpt Simulacrum |       |       |       |       |       |     6 |     9 |     6 |       ||    21
         Iskenderun's Myst |       |       |       |       |       |     1 |    46 |    24 |    20 ||    91
         Eringya's Noxious |       |       |       |       |       |       |    21 |    23 |    20 ||    64
         Ignite Poison     |       |       |       |       |       |       |       |    33 |    60 ||    93
         Fireball          |       |       |       |       |       |       |       |       |    31 ||    31
         Passwall          |       |       |       |       |       |       |       |       |     3 ||     3
         Vhi's Electric Ch |       |       |       |       |       |       |       |       |     1 ||     1
 Invoke: Draw Destruction  |       |       |     5 |    10 |    23 |     6 |    28 |    18 |    24 ||   114
         Deal Four         |       |       |       |     1 |       |       |       |       |     4 ||     5
         Triple Draw       |       |       |       |     1 |       |       |       |       |       ||     1
         Draw Summoning    |       |       |       |       |    12 |     8 |    14 |    10 |    21 ||    65
         Draw Stack        |       |       |       |       |     1 |       |       |       |     1 ||     2
         Stack Five        |       |       |       |       |     1 |       |       |       |       ||     1
  Evoke: Wand              |       |       |     3 |     1 |    14 |     5 |     4 |     2 |     8 ||    37
         Tin of tremorston |       |       |       |       |     1 |       |     1 |       |     2 ||     4
         Lightning rod     |       |       |       |       |       |       |     1 |     4 |       ||     5
    Use: Potion            |     1 |     2 |     1 |     4 |     3 |     2 |     1 |     7 |    28 ||    49
         Scroll            |       |     2 |     5 |     1 |    12 |    11 |       |     2 |    14 ||    47
   Stab: Sleeping          |       |     2 |     1 |     5 |    19 |    11 |    44 |    44 |    39 ||   165
         Confused          |       |     1 |     3 |    14 |    30 |    14 |    51 |    26 |       ||   139
         Distracted        |       |       |       |       |     3 |     3 |     4 |     3 |     8 ||    21
         Petrifying        |       |       |       |       |       |     3 |     2 |       |       ||     5
         Invisible         |       |       |       |       |       |       |       |     4 |     1 ||     5
         Petrified         |       |       |       |       |       |       |       |       |     2 ||     2
 Armour: Robe              |     8 |     7 |    53 |    56 |   266 |   123 |   446 |   445 |   631 ||  2035
  Dodge: Dodged            |    22 |    23 |    85 |    61 |   460 |   178 |   686 |   554 |   934 ||  3003

Table legend: (Time is in decaauts)
 A = Elapsed time spent in this place.
 B = Non-inter-level travel time spent in this place.
 C = Inter-level travel time spent in this place.
 D = Time resting spent in this place.
 E = Time spent auto-exploring this place.
 F = Levels seen in this place.
 G = Mean time per level.
                   A        B        C        D        E       F      G
               +--------+--------+--------+--------+--------+-----+--------+
         Total |  74763 |  69543 |   5220 |  21504 |  30383 |  51 | 1465.9 |
       Dungeon |  20594 |  18851 |   1743 |   3907 |  11015 |  15 | 1372.9 |
        Temple |      1 |      1 |      0 |      0 |      0 |   1 |    1.0 |
          Lair |   8752 |   8039 |    713 |   2240 |   3984 |   5 | 1750.4 |
        Shoals |   7535 |   7028 |    507 |   2544 |   2658 |   4 | 1883.8 |
   Spider Nest |   6130 |   5794 |    336 |   2280 |   2203 |   4 | 1532.5 |
  Orcish Mines |   3462 |   3226 |    236 |   1349 |   1078 |   2 | 1731.0 |
        Vaults |  10226 |   9632 |    594 |   2708 |   4655 |   5 | 2045.2 |
        Depths |   9112 |   8342 |    770 |   3087 |   2991 |   4 | 2278.0 |
           Zot |   5025 |   4708 |    317 |   2064 |    561 |   5 | 1005.0 |
         Abyss |    854 |    854 |      0 |    312 |      0 |   4 |  213.5 |
         Sewer |   1463 |   1463 |      0 |    216 |    831 |   1 | 1463.0 |
      Ice Cave |   1604 |   1604 |      0 |    795 |    405 |   1 | 1604.0 |
               +--------+--------+--------+--------+--------+-----+--------+

Top non-repeatable levels by time:
Depths:3: 3119 daAuts
Vaults:4: 2969 daAuts
Vaults:2: 2819 daAuts
Depths:2: 2415 daAuts
  Lair:5: 2405 daAuts
Vaults:1: 2300 daAuts
    D:15: 2260 daAuts
   Orc:1: 2188 daAuts
Shoals:4: 2185 daAuts
Shoals:3: 2127 daAuts
Vaults:3: 2063 daAuts
  Lair:2: 2001 daAuts
Depths:1: 1941 daAuts
  Lair:3: 1880 daAuts
    D:12: 1827 daAuts
